 Dungeon Crawl Stone Soup version 0.21.0-3-g78d12a8 (webtiles) character file.

16320 Suckerboh the Carver (level 12, -4/126 HPs)
             Began as a Halfling Berserker on Jan 15, 2018.
             Was a High Priest of Trog.
             Slain by a manticore (14 damage)
             ... on level 11 of the Dungeon.
             The game lasted 00:22:43 (10057 turns).

Suckerboh the Carver (Halfling Berserker)          Turns: 10057, Time: 00:22:44

Health: -4/126     AC: 11    Str: 23    XL:     12   Next: 68%
Magic:  12/12      EV: 20    Int:  5    God:    Trog [*****.]
Gold:   282        SH:  5    Dex: 19    Spells: 11/11 levels left

rFire    + . .     SeeInvis .   a - +2 scimitar (flame)
rCold    + . .     Gourm    .   K - +0 buckler
rNeg     + . .     Faith    .   I - +3 ring mail
rPois    .         Spirit   .   J - +0 hat
rElec    .         Reflect  .   l - scarf {rC+ rF+}
rCorr    .         Harm     .   k - +2 pair of gloves {archery}
MR       .....                  (no boots)
Stlth    ..........             n - amulet of regeneration
HPRegen  0.71/turn              v - ring of positive energy
MPRegen  0.13/turn              O - ring of stealth

@: berserking, very quick
A: small, mutation resistance 1
a: Berserk, Trog's Hand, Brothers in Arms, Burn Spellbooks, Renounce Religion


You were on level 11 of the Dungeon.
You worshipped Trog.
Trog was extremely pleased with you.
You were hungry.

You visited 1 branch of the dungeon, and saw 11 of its levels.
You also visited: Sewer.

You collected 486 gold pieces.
You spent 204 gold pieces at shops.

Inventory:

Hand Weapons
 a - a +2 scimitar of flaming (weapon)
 s - a +0 blowgun
 G - a +4 long sword
Missiles
 t - 67 poisoned needles
Armour
 h - a +0 cloak
 k - a +2 pair of gloves of archery (worn)
 l - a scarf of resistance (worn)
 I - a +3 ring mail (worn)
 J - a +0 hat (worn)
 K - a +0 buckler (worn)
 R - a +0 troll leather armour
Jewellery
 n - an amulet of regeneration (around neck)
 v - a ring of positive energy (left hand)
 N - an uncursed ring of magical power
 O - a ring of stealth (right hand)
Wands
 x - a wand of digging (13)
 y - a wand of paralysis (45)
 z - a wand of disintegration (2)
 C - a wand of random effects (24)
 D - a wand of polymorph (9)
Scrolls
 d - 2 scrolls of amnesia
 f - 4 scrolls of teleportation
 g - 2 scrolls of magic mapping
 i - 2 scrolls of identify
 m - 2 scrolls of remove curse
 w - 3 scrolls of enchant weapon
 A - 2 scrolls of blinking
 B - a scroll of enchant armour
 H - a scroll of vulnerability
Potions
 b - a potion of berserk rage
 j - a potion of might
 o - 2 potions of haste
 p - 4 potions of curing
 q - a potion of ambrosia
 r - 2 potions of brilliance
 u - 3 potions of flight
 E - a potion of heal wounds
 L - a potion of lignification
 Q - 2 potions of resistance
 S - a potion of agility {unknown}
 T - a potion of cancellation {unknown}
Books
 e - a book of Changes

   Spells                             Type                      Level
   a - Beastly Appendage              Transmutation                1
   b - Sticks to Snakes               Transmutation                2
   c - Spider Form                    Transmutation/Poison         3
   d - Ice Form                       Ice/Transmutation            4
   e - Blade Hands                    Transmutation                5
   Trog disapproves of the use of such an item.
 F - a book of Callings

   Spells                             Type                      Level
   a - Summon Small Mammal            Summoning                    1
   b - Call Imp                       Summoning                    2
   c - Call Canine Familiar           Summoning                    3
   d - Summon Guardian Golem          Hexes/Summoning              3
   e - Summon Lightning Spire         Summoning/Air                4
   f - Summon Ice Beast               Ice/Summoning                4
   Trog disapproves of the use of such an item.
 P - a book of Changes

   Spells                             Type                      Level
   a - Beastly Appendage              Transmutation                1
   b - Sticks to Snakes               Transmutation                2
   c - Spider Form                    Transmutation/Poison         3
   d - Ice Form                       Ice/Transmutation            4
   e - Blade Hands                    Transmutation                5
   Trog disapproves of the use of such an item.
Comestibles
 c - 21 rations
 M - 6 chunks of flesh


   Skills:
 + Level 8.5 Fighting
 - Level 14.0 Long Blades
 + Level 3.1 Armour
 + Level 8.8 Dodging
 + Level 8.5 Stealth
 + Level 1.4 Shields
 + Level 0.7 Evocations


You had 11 spell levels left.
You didn't know any spells.

Dungeon Overview and Level Annotations

Branches:
Dungeon (11/15)            Temple (0/1) D:4            Lair (0/6) D:9
    Orc: D:9-12

Altars:
Dithmenos
Fedhas
Hepliaklqana
Kikubaaqudgha
Makhleb
Okawaru
Qazlal
Ru
Sif Muna
Trog
Vehumet
Zin
The Shining One

Shops:
D:5 ?   D:8 }   D:9 (   D:10 !

Annotations:
D:7 exclusion: ice statue


Innate Abilities, Weirdness & Mutations

You are small and have problems with some larger weapons.
You are somewhat resistant to further mutation.


Message History

The manticore claws you. The manticore completely misses you.
You hit the manticore. You burn the manticore.
The manticore is heavily wounded.
Something hits you. The manticore barely misses you.
The manticore closely misses you. The manticore misses you.
You barely miss the manticore.
The manticore is heavily wounded.
Something hits you.
You slash the manticore! You burn the manticore.
The manticore is almost dead.
The manticore bites you!
* * * LOW HITPOINT WARNING * * *
The manticore barely misses you. The manticore completely misses you.
Something hits you.
* * * LOW HITPOINT WARNING * * *
A red film seems to cover your vision as you go berserk!
You feel yourself moving faster!
You feel mighty!
You are feeling hungry.
Something closely misses you. The manticore bites you!
You die...

#.## ##.##
#.# #.# #.#
########.#
#.# #..
.........#
#.# #.##
########.#
#.# #.#
#####.# ..#
#.. #<....#
.## ###
#.#####
##(## #.@.#
#...H>)...#
#.##...####
.. ...## ..
##..# #
#..# ....
####


You could see a manticore.

Vanquished Creatures
  Gastronok (D:8)
  Fannar (D:10)
  Erolcha (D:9)
  4 two-headed ogres
  Erica (D:8)
  A deep elf knight (D:10)
  Nergalle (D:10)
  Pikel (D:6)
  A troll (D:10)
  Grinder (D:6)
  A wraith (D:10)
  Sigmund (D:2)
  14 yaks
  2 hungry ghosts
  Edmund (D:6)
  3 wargs (D:9)
  Duvessa (D:6)
  A water moccasin (D:7)
  2 ice beasts (D:10)
  4 orc warriors
  An eye of draining (D:10)
  A phantom (D:4)
  2 sky beasts
  3 black bears
  5 ogres
  5 centaurs
  A crocodile (D:10)
  2 big kobolds
  9 bullfrogs
  Dowan (D:6)
  4 scorpions
  4 wights
  4 howler monkeys
  5 crimson imps
  2 jellies
  A lava snake (D:10)
  A hound (D:7)
  A bullfrog skeleton (D:6)
  A centaur skeleton (D:5)
  7 orc priests
  9 orc wizards
  3 iguanas
  Ijyb (D:5)
  7 worker ants
  A hound zombie (D:8)
  12 adders
  3 river rats
  2 shadow imps
  An ooze (D:1)
  An adder skeleton (D:4)
  3 worms
  4 leopard geckos
  57 orcs
  8 giant cockroaches
  6 goblins
  11 hobgoblins
  15 jackals
  23 kobolds
  3 quokkas
  3 ball pythons
  7 bats
  10 frilled lizards
  A quokka skeleton (D:8)
  5 rats
299 creatures vanquished.

Vanquished Creatures (collateral kills)
  An orc warrior (D:9)
  2 orc wizards (D:9)
  An orc (D:9)
4 creatures vanquished.

Vanquished Creatures (others)
  An orc (D:9)
1 creature vanquished.

Grand Total: 304 creatures vanquished

Notes
Turn   | Place    | Note
-------+----------+-------------------------------------------
     0 | D:1      | Suckerboh the Halfling Berserker began the quest for the Orb.
     0 | D:1      | Reached XP level 1. HP: 15/15 MP: 1/1
   124 | D:1      | Reached XP level 2. HP: 20/20 MP: 2/2
   400 | D:1      | Reached XP level 3. HP: 22/26 MP: 3/3
   441 | D:1      | Reached ** piety under Trog
   777 | D:2      | Reached XP level 4. HP: 29/31 MP: 4/4
  1188 | D:2      | Noticed Sigmund
  1200 | D:2      | Killed Sigmund
  1200 | D:2      | Reached skill level 4 in Long Blades
  1200 | D:2      | Reached skill level 1 in Stealth
  1200 | D:2      | Reached XP level 5. HP: 37/37 MP: 5/5
  1200 | D:2      | Reached XP level 6. HP: 43/43 MP: 6/6
  1338 | D:2      | Found a glowing silver altar of Zin.
  1623 | D:3      | Reached skill level 5 in Long Blades
  1625 | D:3      | Found a radiant altar of Vehumet.
  1635 | D:3      | Reached *** piety under Trog
  1701 | D:3      | Found a burning altar of Makhleb.
  1701 | D:3      | Found a bloodstained altar of Trog.
  1701 | D:3      | Found a hazy altar of Hepliaklqana.
  1702 | D:3      | Found a stormy altar of Qazlal.
  1702 | D:3      | Found a shadowy altar of Dithmenos.
  1774 | D:3      | Found a glowing drain.
  1796 | Sewer    | Entered a sewer
  2094 | Sewer    | Found a white marble altar of Elyvilon.
  2342 | D:3      | Reached XP level 7. HP: 47/47 MP: 7/7
  2754 | D:3      | HP: 2/47 [poisoned by an orc]
  3100 | D:4      | Found a staircase to the Ecumenical Temple.
  3113 | D:4      | Reached **** piety under Trog
  3409 | D:4      | Reached skill level 6 in Long Blades
  3912 | D:5      | Entered Level 5 of the Dungeon
  3954 | D:5      | Reached XP level 8. HP: 25/54 MP: 8/8
  3969 | D:5      | HP: 1/54 [centaur/arrow (11)]
  3980 | D:5      | Reached skill level 7 in Long Blades
  4145 | D:5      | Found Dydwun's Magic Scroll Shop.
  4153 | D:5      | Bought a scroll of blinking for 90 gold pieces
  4153 | D:5      | Bought a scroll of identify for 24 gold pieces
  4153 | D:5      | Bought a scroll of enchant armour for 90 gold pieces
  4165 | D:5      | Noticed Ijyb
  4173 | D:5      | Killed Ijyb
  4359 | D:5      | Found a blossoming altar of Fedhas.
  4359 | D:5      | Found a faded altar of an unknown god.
  4364 | D:5      | Found a deep blue altar of Sif Muna.
  4366 | D:5      | Found a faded altar of an unknown god.
  4368 | D:5      | Found an ancient bone altar of Kikubaaqudgha.
  4910 | D:5      | Reached skill level 8 in Long Blades
  4910 | D:5      | Reached skill level 5 in Dodging
  5123 | D:5      | Reached XP level 9. HP: 53/59 MP: 9/9
  5202 | D:6      | Found a sacrificial altar of Ru.
  5236 | D:6      | Reached skill level 9 in Long Blades
  5279 | D:6      | Reached ***** piety under Trog
  5391 | D:6      | Noticed Pikel
  5402 | D:6      | Killed Pikel
  5402 | D:6      | Reached skill level 5 in Fighting
  5402 | D:6      | Reached skill level 10 in Long Blades
  5506 | D:6      | Noticed Duvessa
  5507 | D:6      | Noticed Dowan
  5512 | D:6      | Noticed Edmund
  5518 | D:6      | Killed Duvessa
  5524 | D:6      | Killed Edmund
  5535 | D:6      | Killed Dowan
  5842 | D:6      | Noticed Grinder
  5848 | D:6      | Paralysed by Grinder for 3 turns
  5857 | D:6      | Killed Grinder
  5857 | D:6      | Reached XP level 10. HP: 45/66 MP: 10/10
  6136 | D:7      | Reached skill level 5 in Stealth
  6177 | D:7      | Noticed an ice statue
  6213 | D:7      | Reached skill level 11 in Long Blades
  6922 | D:8      | Noticed Erica
  6936 | D:8      | Killed Erica
  7232 | D:8      | Found an iron altar of Okawaru.
  7407 | D:8      | Received a gift from Trog
  7407 | D:8      | Reached skill level 12 in Long Blades
  7522 | D:8      | Found Jacoj's Gadget Boutique.
  7537 | D:8      | Noticed Gastronok
  7550 | D:8      | Killed Gastronok
  7550 | D:8      | Reached XP level 11. HP: 51/73 MP: 11/11
  7694 | D:9      | Found a staircase to the Lair.
  7711 | D:9      | Reached skill level 13 in Long Blades
  7742 | D:9      | Noticed a two-headed ogre
  7954 | D:9      | Killed a two-headed ogre
  8037 | D:9      | Noticed Erolcha
  8058 | D:9      | Noticed a two-headed ogre
  8071 | D:9      | Noticed a two-headed ogre
  8087 | D:9      | Killed a two-headed ogre
  8089 | D:9      | Killed a two-headed ogre
  8195 | D:9      | Found Sisuy's Weapon Emporium.
  8445 | D:9      | Reached skill level 14 in Long Blades
  8559 | D:9      | Found a bloodstained altar of Trog.
  8574 | D:9      | Killed Erolcha
  8574 | D:9      | Reached XP level 12. HP: 81/81 MP: 12/12
  8642 | D:9      | Found a glowing golden altar of the Shining One.
  8707 | D:10     | Entered Level 10 of the Dungeon
  8735 | D:10     | Noticed Nergalle
  8752 | D:10     | Killed Nergalle
  8958 | D:10     | Noticed Fannar
  8989 | D:10     | Killed Fannar
  9191 | D:10     | Noticed a two-headed ogre
  9203 | D:10     | Killed a two-headed ogre
  9337 | D:10     | Reached skill level 1 in Shields
  9403 | D:10     | Found Wugek's Distillery.
  9754 | D:10     | Noticed a deep elf knight
  9822 | D:11     | Received a gift from Trog
  9868 | D:10     | Killed a deep elf knight
  9877 | D:10     | Got a glittering bronze ring
  9880 | D:10     | Identified the ring "Xawuhaip" {*Tele rC++ Slay-2} (You found it on level 10 of the Dungeon)
 10057 | D:11     | Slain by a manticore

Skill      XL: |  1  2  3  4  5  6  7  8  9 10 11 12 |
---------------+-------------------------------------+-----
Fighting       | 3 4 5 6 7 8 |  8.5
Long Blades    | 4 5 6 8 10 12 14 | 14.0
Dodging        | 3 4 5 7 8 |  8.8
Stealth        | 1 2 3 4 6 8 |  8.5
Shields        | 1 |  1.4
Armour         | 3 |  3.1
Evocations     | |  0.7

Action                   |  1- 3 |  4- 6 |  7- 9 | 10-12 || total
-------------------------+-------+-------+-------+-------++-------
Melee: Falchion          |    90 |   128 |   123 |       ||   341
       Long sword        |       |       |   174 |   106 ||   280
       Scimitar          |       |       |       |   362 ||   362
Invok: Berserk           |       |     2 |     3 |     8 ||    13
       Brothers in Arms  |       |       |       |     1 ||     1
Evoke: Wand              |       |       |     3 |       ||     3
  Use: Potion            |       |       |     8 |       ||     8
       Scroll            |       |       |     8 |     9 ||    17
 Stab: Sleeping          |     1 |     2 |     9 |    14 ||    26
       Distracted        |       |     2 |     1 |     2 ||     5
       Paralysed         |       |       |     1 |       ||     1
  Eat: Chunk             |       |     2 |    15 |    18 ||    35
       Ration            |       |     1 |       |     1 ||     2
Armor: Animal skin       |    13 |    23 |    51 |    30 ||   117
       Ring mail         |       |       |       |    18 ||    18
Dodge: Dodged            |    72 |   107 |   231 |   342 ||   752
Block: Buckler           |       |       |       |    18 ||    18
       Rpst.: Falchion   |    21 |    20 |    34 |       ||    75
       Long sword        |       |       |    38 |    25 ||    63
       Scimitar          |       |       |       |    74 ||    74
